Map: Orbital Shipyard

Players

IIIIIIIIIIII

  • Race: Protoss Protoss
  • League: Master

MorN - Winner!

  • Race: Terran Terran
  • League: Master

VOD

Have the link to the VOD?

Description

Time

  • Played on: Jan. 11, 2016, 1:39 p.m.
  • Length: 8:58
Show
View Real Time Build Order
Export as new Build Order

IIIIIIIIIIII Protoss 

Build Orders: 1 Gate Expand 

Get SALT Encoding   

  12  0:00  Probe (Chrono Boost)  
  13  0:11  Probe (Chrono Boost)  
  14  0:21  Pylon  
  14  0:22  Probe (Chrono Boost)  
  15  0:39  Probe (Chrono Boost)  
  16  0:43  Gateway  
  16  0:49  Assimilator  
  17  0:50  Probe (Chrono Boost)  
  17  1:00  Probe (Chrono Boost)  
  19  1:11  Probe (Chrono Boost)  
  19  1:20  Nexus  
  19  1:31  Cybernetics Core  
  19  1:33  Probe (Chrono Boost)  
  19  1:39  Assimilator  
  20  1:43  Probe (Chrono Boost)  
  21  1:53  Pylon  
  22  1:54  Probe (Chrono Boost)  
  22  2:07  Warp Gate  
  22  2:11  Probe (Chrono Boost), Adept (Chrono Boost)  
  25  2:24  Mothership Core (Chrono Boost)  
  25  2:26  Pylon  
  26  2:42  Probe (Chrono Boost)  
  26  2:50  Probe (Chrono Boost)  
  26  2:55  Robotics Facility  
  26  2:57  Gateway  
  26  2:59  Probe (Chrono Boost)  
  27  3:09  Gateway  
  27  3:13  Probe (Chrono Boost)  
  27  3:17  Probe (Chrono Boost)  
  29  3:24  Probe (Chrono Boost)  
  30  3:27  Adept  
  30  3:29  Probe (Chrono Boost)  
  33  3:35  Probe (Chrono Boost)  
  34  3:44  Warp Prism (Chrono Boost)  
  36  3:53  Robotics Bay  
  36  3:54  Probe  
  37  4:05  Pylon  
  37  4:11  Adept x2  
  37  4:14  Adept  
  43  4:20  Probe (Chrono Boost)  
  43  4:21  Observer  
  43  4:23  Probe (Chrono Boost)  
  46  4:42  Nexus, Gravitic Drive  
  46  4:48  Pylon  
  44  5:03  Probe (Chrono Boost), Disruptor  
  48  5:19  Probe (Chrono Boost)  
  48  5:20  Probe (Chrono Boost)  
  50  5:22  Gateway  
  50  5:26  Gateway, Twilight Council  
  42  5:29  Probe (Chrono Boost)  
  42  5:30  Probe (Chrono Boost)  
  42  5:31  Assimilator  
  42  5:35  Assimilator  
  44  5:40  Probe (Chrono Boost)  
  45  5:47  Probe (Chrono Boost)  
  52  5:51  Probe (Chrono Boost)  
  52  5:52  Disruptor  
  52  5:53  Adept  
  52  5:54  Adept  
  52  5:55  Probe (Chrono Boost)  
  55  5:58  Probe (Chrono Boost)  
  55  6:02  Probe (Chrono Boost)  
  57  6:06  Probe (Chrono Boost)  
  55  6:12  Adept  
  55  6:18  Adept x2  
  59  6:27  Adept  
  58  6:37  Resonating Glaives, Adept  
  58  6:39  Dark Shrine  
  58  6:48  Adept x2  
  57  6:59  Adept x2  
  55  7:05  Probe x2 (Chrono Boost)  
  53  7:09  Warp Prism  
  53  7:15  Probe x2 (Chrono Boost)  
  56  7:22  Adept  
  56  7:23  Stalker  
  58  7:33  Stalker x2  
  62  8:08  Pylon  
  62  8:09  Pylon  
  62  8:11  Pylon  
  62  8:26  Mothership Core (Chrono Boost), Probe (Chrono Boost)  
  65  8:27  Dark Templar  
  65  8:28  Dark Templar  
  65  8:31  Pylon  
Show
View Real Time Build Order
Export as new Build Order

MorN Terran - Winner!

Build Orders: Reaper Expand, MMM Bio 

Get SALT Encoding   

  12  0:00  SCV  
  13  0:13  SCV  
  14  0:17  Supply Depot  
  14  0:25  SCV  
  15  0:39  SCV  
  15  0:40  Barracks  
  16  0:45  Refinery  
  16  0:55  SCV  
  17  1:07  SCV  
  18  1:19  SCV  
  19  1:32  Orbital Command  
  19  1:33  Reaper  
  20  1:42  Command Center  
  20  1:56  Supply Depot  
  20  2:00  SCV  
  21  2:08  Barracks Reactor, Barracks  
  21  2:15  SCV  
  22  2:23  Barracks  
  22  2:27  SCV  
  23  2:39  SCV  
  23  2:51  SCV, Marine x2  
  23  2:56  Refinery  
  23  2:57  Barracks Tech Lab  
  26  2:59  Factory  
  26  3:00  Orbital Command  
  26  3:08  SCV  
  26  3:10  Marine x2  
  26  3:11  Marine  
  30  3:20  SCV  
  30  3:21  Engineering Bay  
  31  3:27  Stimpack  
  31  3:29  Marine  
  31  3:31  Marine  
  31  3:32  Marine  
  34  3:38  SCV x2  
  36  3:44  Starport  
  36  3:48  Factory Reactor  
  36  3:50  SCV  
  36  3:54  SCV, Supply Depot  
  38  3:55  Marine  
  38  3:57  Marine  
  38  3:59  Marine  
  41  4:03  SCV  
  41  4:07  Marine  
  41  4:09  SCV  
  44  4:13  Marine  
  44  4:14  Marine  
  44  4:16  SCV  
  47  4:18  Supply Depot  
  47  4:20  Marine  
  48  4:25  Marine  
  48  4:27  SCV  
  48  4:31  Medivac, Marine  
  51  4:36  SCV  
  54  4:39  Marine x2, Medivac  
  54  4:40  Widow Mine  
  54  4:43  Marine  
  61  4:46  SCV  
  61  4:49  Terran Infantry Weapons Level 1  
  55  5:22  Marine x4  
  55  5:25  Medivac  
  61  5:30  Command Center  
  61  5:31  Refinery  
  61  5:32  Refinery  
  61  5:37  SCV  
  61  5:41  SCV  
  63  5:43  Combat Shields, Marine x2  
  63  5:45  Barracks Tech Lab  
  63  5:46  Marauder  
  63  5:48  Supply Depot  
  63  5:49  SCV  
  68  5:51  Supply Depot  
  68  6:03  Marine x2  
  70  6:10  Marauder  
  71  6:17  Marine  
  72  6:20  Marine x2  
  72  6:25  Barracks  
  74  6:26  Barracks  
  74  6:31  Marauder  
  76  6:35  Marine  
  76  6:38  Marine x2  
  71  6:47  Orbital Command  
  71  6:53  Marine, Marauder  
  74  6:56  Marine x2  
  75  7:04  SCV  
  75  7:06  Medivac x2  
  75  7:07  Factory Reactor  
  75  7:08  Supply Depot, SCV  
  79  7:11  Marine  
  81  7:17  SCV  
  81  7:20  SCV  
  83  7:23  Orbital Command  
  83  7:28  Marine x3  
  83  7:29  SCV, Marauder  
  89  7:32  Barracks Reactor, Barracks Tech Lab  
  89  7:36  Medivac x2  
  93  7:37  SCV  
  93  7:38  Supply Depot  
  94  7:47  Marine x3  
  94  7:51  Marauder  
  99  7:52  SCV x2  
  99  7:56  Armory  
  99  7:57  Engineering Bay  
  94  8:29  Marine x2  
  94  8:30  Marauder  
  96  8:39  Marine  
  96  8:40  Marine  
Tags
 
Add a new tag
Caveats
  • Supply blocks, unpowered buildings, or Contaminate may cause inaccurate times.
  • Supply counts are checked every 10 seconds.